 Dungeon Crawl Stone Soup version 0.31-a0-675-g238779eb0a (webtiles) character file.

Game seed: 14759414928194346679

52074 Essalna the Warrior (level 14, 0/136 HPs)
             Began as a Demonspawn Conjurer on Sept 5, 2023.
             Was a High Priest of Vehumet.
             Slain by an azure jelly (11 damage)
             ... on level 14 of the Dungeon.
             The game lasted 01:08:25 (19771 turns).

Essalna the Warrior (Demonspawn Conjurer)          Turns: 19771, Time: 01:08:26

Health: 0/136      AC:  7    Str:  4    XL:     14   Next: 25%
Magic:  0/25       EV: 19    Int: 31    God:    Vehumet [*****.]
Gold:   1334       SH:  0    Dex: 11    Spells: 6/27 levels left

rFire   . . .        n - +8 whip "Snakebite" {venom, curare, rPois}
rCold   + + .        (no shield)
rNeg    . . .        S - +1 robe of the Freezing Gods {rC++ Will+ Str-4}
rPois   +            (helmet unavailable)
rElec   .            H - scarf {+Inv}
rCorr   .            (no gloves)
SInv    .            T - +0 pair of boots {Stlth+}
Will    ++...        p - amulet of regeneration
Stlth   +++          U - +5 ring of evasion
HPRegen 1.22/turn    v - +6 ring of intelligence
MPRegen 0.38/turn

%: guardian spirit
@: studying Fighting
A: horns 3, rugged brown scales 3, magic shield, magic regeneration, demonic
magic 2
a: Renounce Religion, Evoke Invisibility


You were on level 14 of the Dungeon.
You worshipped Vehumet.
Vehumet was extremely pleased with you.
You visited 3 branches of the dungeon, and saw 19 of its levels.
You also visited: Bailey.

You collected 1334 gold pieces.

Inventory:

Hand Weapons
 d - a +0 dagger
 n - the +8 whip "Snakebite" (weapon) {venom, curare, rPois}
   (You found it on level 2 of the Lair of Beasts)

   rPois:     It protects you from poison
 u - a +3 flail of protection
Armour
 a - a +0 robe
 B - the +0 ring mail of the Zebra {+Blink Will+ Regen+ Str-2}
   (You found it on level 5 of the Dungeon)

   Str-2:     It affects your strength (-2).
   Will+:     It increases your willpower.
   +Blink:    It lets you blink.
   Regen+:    It increases your rate of health regeneration.
 H - a scarf of invisibility (worn)
 S - the +1 robe of the Freezing Gods (worn) {rC++ Will+ Str-4}
   (You found it on level 2 of the Lair of Beasts)

   Str-4:     It affects your strength (-4).
   rC++:      It greatly protects you from cold.
   Will+:     It increases your willpower.
 T - a +0 pair of boots of stealth (worn)
 W - a +0 buckler
 Y - a +0 troll leather armour
Jewellery
 p - an amulet of regeneration (around neck)
 v - a +6 ring of intelligence (right hand)
 D - a ring of protection from cold
 E - an amulet of reflection
 G - a ring of poison resistance
 K - a ring of ice
 R - a +6 ring of dexterity
 U - a +5 ring of evasion (left hand)
Wands
 g - a wand of paralysis (20)
 q - a wand of digging (7)
 y - a wand of flame (25)
 F - a wand of polymorph (13)
 J - a wand of mindburst (14)
 V - a wand of roots (8)
 X - a wand of quicksilver (3)
Scrolls
 e - 4 scrolls of poison
 j - a scroll of fear
 r - 2 scrolls of summoning
 s - 8 scrolls of identify
 t - 3 scrolls of teleportation
 x - 4 scrolls of enchant armour
 L - 2 scrolls of enchant weapon
 M - a scroll of fog
 N - 2 scrolls of noise
 O - a scroll of blinking
Potions
 b - a potion of invisibility
 c - 3 potions of brilliance
 f - 2 potions of berserk rage
 h - 3 potions of heal wounds
 k - 10 potions of curing
 l - a potion of enlightenment
 m - a potion of magic
 o - 2 potions of might
 w - 3 potions of lignification {unknown}
 z - 7 potions of haste {unknown}
 A - 2 potions of resistance {unknown}
 C - 2 potions of ambrosia {unknown}
 I - a potion of attraction {unknown}
 P - 4 potions of mutation {unknown}
 Q - 2 potions of degeneration


   Skills:
 + Level 17.5 Fighting
 - Level 7.0 Armour
 - Level 8.2 Dodging
 - Level 1.7 Stealth
 + Level 2.1 Shields
 + Level 7.4 Spellcasting
 - Level 14.0 Conjurations
 - Level 4.0 Hexes
 - Level 8.0 Summonings


You had 6 spell levels left.
You knew the following spells:

 Your Spells              Type           Power      Damage    Failure   Level
a - Magic Dart            Conj           100%       1d8       0%          1
b - Searing Ray           Conj           100%       2d8       0%          2
c - Fulminant Prism       Conj/Hex       30%        3d15      1%          4
d - Orb of Destruction    Conj           39%        9d11      3%          7
e - Spellforged Servitor  Conj/Summ      34%        N/A       11%         7

Your spell library contained the following spells:

 Spells                   Type           Power      Damage    Failure   Level
 Plasma Beam              Fire/Air       5%         2x1d16    82%         6
 Slow                     Hex            100%       N/A       1%          1
 Momentum Strike          Conj/Tloc      100%       3d10      1%          2
 Dazzling Flash           Conj/Hex       100%       N/A       1%          3
 Summon Guardian Golem    Hex/Summ       48%        N/A       1%          3
 Iskenderun's Mystic Bla  Conj/Tloc      53%        2d11      1%          4
 Irradiate                Conj/Tmut      26%        3d20      1%          5
 Ensorcelled Hibernation  Hex/Ice        46%        N/A       2%          2
 Confusing Touch          Hex            36%        N/A       2%          3
 Blink                    Tloc           22%        N/A       6%          2
 Lesser Beckoning         Tloc           22%        N/A       6%          2
 Sublimation of Blood     Necr           11%        N/A       6%          2
 Wereblood                Tmut           11%        N/A       6%          2
 Vampiric Draining        Necr           11%        2d6       13%         3
 Anguish                  Hex/Necr       11%        N/A       19%         4
 Animate Dead             Necr           11%        N/A       38%         4
 Petrify                  Tmut/Erth      11%        N/A       38%         4


Dungeon Overview and Level Annotations

Branches:
Dungeon (14/15)            Temple (1/1) D:4            Lair (5/5) D:8
  Swamp (0/4) Lair:2       Spider (0/4) Lair:3        Slime (0/5) Lair:4
    Orc (0/2) D:11         Bailey (visited)
 Vaults: D:13-14

Altars:
Ashenzari
Cheibriados
Dithmenos
Fedhas
Gozag
Hepliaklqana
Kikubaaqudgha
Makhleb
Nemelex Xobeh
Okawaru
Qazlal
Ru
Sif Muna
Trog
Uskayaw
Vehumet
Wu Jian
Xom
Yredelemnul
Jiyva

Shops:
D:7 *

Portals:
Trove: D:14 (give +4 demon trident)
Ice
Cave: D:14

Annotations:
D:8 3 runed translucent doors, esser2137's ghost, novice DEAE
D:10 2 transporters
Lair:1 2 transporters, GordonOverkill's ghost, journeyman TeDe


Innate Abilities, Weirdness & Mutations

You have a pair of large horns on your head.
You are completely covered in rugged brown scales. (AC +3, +7% HP)
When hurt, damage is shared between your health and your magic reserves.
You regenerate magic rapidly.
Spells you cast may paralyse nearby enemies.


Message History

The azure jelly misses you. The azure jelly hits you.
* * * LOW HITPOINT WARNING * * *
The azure jelly freezes you! You resist.
* * * LOW HITPOINT WARNING * * *
The azure jelly misses you.
The azure jelly hits you but does no damage.
The azure jelly hits you.
* * * LOW HITPOINT WARNING * * *
You feel much better. The azure jelly closely misses you.
The azure jelly completely misses you. The azure jelly hits you!
* * * LOW HITPOINT WARNING * * *
The azure jelly hits you.
* * * LOW HITPOINT WARNING * * *
The freezing wraith barely misses you. The freezing wraith misses you.
You feel much better.
The azure jelly hits you but does no damage.
The azure jelly misses you.
The azure jelly hits you but does no damage.
The azure jelly hits you. The freezing wraith closely misses you.
The freezing wraith hits you but does no damage.
The azure jelly closely misses you. The azure jelly hits you.
* * * LOW HITPOINT WARNING * * *
The azure jelly freezes you! You resist.
* * * LOW HITPOINT WARNING * * *
The azure jelly hits you but does no damage.
The azure jelly hits you.
* * * LOW HITPOINT WARNING * * *
Your spellforged servitor launches a ball of destructive magic.
The freezing wraith attacks as it pursues you!
The freezing wraith closely misses you. The freezing wraith barely misses you.
The azure jelly attacks as it pursues you!
The azure jelly hits you.
* * * LOW HITPOINT WARNING * * *
The azure jelly freezes you! You resist.
* * * LOW HITPOINT WARNING * * *
The azure jelly hits you.
* * * LOW HITPOINT WARNING * * *
The azure jelly freezes you! You resist.
You die...

#.# ####+######.#*#J#**,,,* #.#
*..(####.# #.# *,**#* #.#
**#..#...###'###..).* #.#
######.#.#............* #.#
#.......9.<##..+......** #.#
#.......*..##.##,.....+, ##.#
#...!......#..#*,,....*, #..#
#.....<.J....##*,,,...** #.##
#......@W..### *,,,,..* #.#
#########.## *,,,,,.* ..#
***..# *,,,,,,* .## **,..##
####+*** .#### *,.##* #[),,*
....# ######+#### ####'#####
....#####.........####........#
........#.........'..#........#
....###.#.........##.#........#


You could see an azure jelly (ally target), a freezing wraith and a friendly
spellforged servitor (summoned, slow).

Vanquished Creatures
  The ghost of wamuu the Carver, a journeyman MfVM of Vehumet (Lair:3)
  Fannar (Lair:2)
  4 hydras
  A catoblepas (Lair:3)
  A two-headed ogre (D:10)
  Urug (Lair:2)
  A skyshark (Lair:5)
  A skeletal warrior (D:11)
  The ghost of lis82 the Zephyrmancer, a novice DgAE (D:7)
  An orc knight (Bailey)
  A nameless horror (D:13)
  Maurice (D:8)
  7 black mambas
  2 rime drakes (Lair:4)
  3 unseen horrors
  9 cane toads
  9 komodo dragons
  9 polar bears
  2 trolls
  2 dream sheep (Lair:5)
  3 hornets
  8 blink frogs
  4 culicivoras (Lair:3)
  4 wyverns
  12 spriggans (Lair:5)
  A ynoxinul (D:10)
  5 basilisks
  67 yaks
  Grum (D:8)
  2 steam dragons
  Menkaure (D:5)
  4 vampire mosquitoes (D:10)
  2 acid dragons
  4 swamp worms (Lair:2)
  14 water moccasins
  19 orc warriors
  8 ogres
  An ice beast (D:7)
  2 black bears
  3 boggarts (Lair:5)
  33 wolves
  2 centaurs
  2 phantoms (D:5)
  3 kobold brigands
  3 bullfrogs
  A gnoll sergeant (D:11)
  5 scorpions
  14 wights
  14 killer bees
  4 howler monkeys
  A jelly (D:5)
  7 hounds
  7 orc priests
  A sleepcap (D:6)
  4 iguanas
  13 orc wizards
  4 hell rats (Lair:4)
  Terence (D:2)
  18 adders
  4 gnolls (D:11)
  2 white imps
  3 ufetubi
  3 dart slugs
  60 orcs
  12 endoplasms
  2 giant cockroaches (D:2)
  12 goblins
  3 hobgoblins (D:1)
  8 jackals
  12 kobolds
  6 quokkas
  5 ball pythons
  6 bats
  7 frilled lizards
  10 rats
515 creatures vanquished.

Vanquished Creatures (collateral kills)
  A hydra (Lair:2)
  3 skeletal warriors (D:11)
  A deep elf pyromancer (D:14)
  A manticore (D:14)
  A cyclops (D:11)
  An ugly thing (D:11)
  A cane toad (Lair:5)
  A freezing wraith (D:14)
  2 spriggans (Lair:5)
  An acid dragon (D:14)
  4 wolves (Lair:5)
17 creatures vanquished.

Vanquished Creatures (others)
  42 fulminant prisms
42 creatures vanquished.

Grand Total: 574 creatures vanquished

Notes
Turn   | Place    | Note
-------+----------+-------------------------------------------
     0 | D:1      | Essalna the Demonspawn Conjurer began the quest for the
                  | Orb.
     0 | D:1      | Reached XP level 1. HP: 13/13 MP: 3/3
   222 | D:1      | Gained mutation: You regenerate magic rapidly. [demonic
                  | ancestry]
   222 | D:1      | Reached XP level 2. HP: 20/20 MP: 1/5
   273 | D:1      | Reached skill level 1 in Fighting
   679 | D:1      | Gained mutation: When hurt, damage is shared between your
                  | health and your magic reserves. [demonic ancestry]
   679 | D:1      | Reached XP level 3. HP: 26/26 MP: 3/6
  1037 | D:2      | Found a sparkling altar of Nemelex Xobeh.
  1145 | D:2      | Learned a level 2 spell: Searing Ray
  1207 | D:2      | Noticed Terence
  1216 | D:2      | Killed Terence
  1217 | D:2      | Reached skill level 2 in Fighting
  1217 | D:2      | Gained mutation: You are partially covered in rugged brown
                  | scales. (AC +1, +3% HP) [demonic ancestry]
  1217 | D:2      | Reached XP level 4. HP: 9/33 MP: 4/8
  2249 | D:3      | Gained mutation: You have a pair of small horns on your
                  | head. [demonic ancestry]
  2249 | D:3      | Reached XP level 5. HP: 40/40 MP: 5/9
  2309 | D:3      | Reached skill level 5 in Conjurations
  2815 | D:3      | Reached skill level 3 in Fighting
  2916 | D:4      | Gained mutation: You are mostly covered in rugged brown
                  | scales. (AC +2, +5% HP) [demonic ancestry]
  2916 | D:4      | Reached XP level 6. HP: 36/49 MP: 4/11
  3079 | D:4      | Found a staircase to the Ecumenical Temple.
  3098 | Temple   | Entered the Ecumenical Temple
  3703 | D:5      | Entered Level 5 of the Dungeon
  3778 | D:5      | Reached skill level 4 in Fighting
  3841 | D:5      | Gained mutation: You have a pair of horns on your head.
                  | [demonic ancestry]
  3841 | D:5      | Reached XP level 7. HP: 56/56 MP: 3/13
  4194 | D:5      | Noticed Menkaure
  4200 | D:5      | Killed Menkaure
  4201 | D:5      | Reached skill level 5 in Fighting
  4201 | D:5      | Reached skill level 5 in Spellcasting
  4284 | D:5      | Gained mutation: Spells you cast may paralyse adjacent
                  | enemies. [demonic ancestry]
  4284 | D:5      | Reached XP level 8. HP: 65/65 MP: 6/15
  4785 | D:5      | Reached skill level 6 in Fighting
  4868 | D:5      | Identified the +0 ring mail of the Zebra {+Blink Will+
                  | Regen+ Str-2}
  5532 | D:6      | Found a hide-covered altar of Uskayaw.
  5954 | D:7      | Gained mutation: You have a pair of large horns on your
                  | head. [demonic ancestry]
  5954 | D:7      | Reached XP level 9. HP: 60/74 MP: 6/18
  5965 | D:7      | Found a flagged portal.
  5994 | D:7      | Reached skill level 1 in Armour
  6022 | Bailey   | Entered a bailey
  6168 | Bailey   | Reached skill level 7 in Fighting
  6224 | Bailey   | Learned a level 4 spell: Fulminant Prism
  6347 | Bailey   | Reached skill level 1 in Hexes
  6601 | Bailey   | Noticed an orc knight
  6651 | Bailey   | Killed an orc knight
  6946 | D:7      | Reached skill level 8 in Fighting
  7121 | D:7      | Found Ilakkoq's Gadget Gallery.
  7412 | D:7      | Found a runed translucent door.
  7417 | D:7      | Noticed lis82's ghost (novice DgAE)
  7437 | D:7      | Killed lis82's ghost
  7438 | D:7      | Reached XP level 10. HP: 29/85 MP: 3/20
  7887 | D:8      | Noticed Maurice
  7894 | D:8      | Killed Maurice
  8104 | D:8      | Reached skill level 9 in Fighting
  8218 | D:8      | Found a staircase to the Lair.
  8282 | D:8      | Found a runed translucent gate.
  8282 | D:8      | Found a runed translucent gate.
  8283 | D:8      | Found a runed translucent gate.
  8289 | D:8      | Noticed a ten-headed hydra
  8289 | D:8      | Noticed esser2137's ghost (novice DEAE)
  8290 | D:8      | Noticed a ten-headed hydra
  8394 | D:8      | Noticed Grum
  8409 | D:8      | Killed Grum
  8717 | D:9      | Learned a level 7 spell: Orb of Destruction
  8834 | D:10     | Entered Level 10 of the Dungeon
  8915 | D:10     | Noticed a two-headed ogre
  8931 | D:10     | Killed a two-headed ogre
  8932 | D:10     | Reached skill level 10 in Fighting
  8932 | D:10     | Reached skill level 5 in Armour
  9014 | D:10     | Reached skill level 10 in Conjurations
  9135 | D:10     | Found a radiant altar of Vehumet.
  9186 | D:10     | Became a worshipper of Vehumet
  9255 | D:10     | Found a shimmering blue altar of Sif Muna.
  9275 | D:10     | Gained mutation: You are completely covered in rugged brown
                  | scales. (AC +3, +7% HP) [demonic ancestry]
  9275 | D:10     | Reached XP level 11. HP: 75/98 MP: 8/21
  9323 | D:10     | Got Sif Muna's Parchment of the Graveyard
  9360 | D:10     | Found a bloodstained altar of Trog.
  9382 | D:10     | Found a transporter.
  9407 | D:9      | Reached skill level 11 in Fighting
  9440 | D:9      | Found a stormy altar of Qazlal.
  9771 | D:9      | Reached * piety under Vehumet
  9771 | D:9      | Offered knowledge of Foxfire by Vehumet.
 10388 | D:10     | Found a transporter.
 10388 | D:10     | Found a viscous altar of Jiyva.
 10645 | D:11     | Noticed a purple ugly thing
 10645 | D:11     | Noticed a skeletal warrior
 10645 | D:11     | Noticed a skeletal warrior
 10645 | D:11     | Noticed a skeletal warrior
 10859 | Lair:1   | Entered Level 1 of the Lair of Beasts
 11088 | Lair:1   | Reached skill level 12 in Fighting
 11158 | Lair:1   | Noticed a death yak
 11160 | Lair:1   | Noticed GordonOverkill's ghost (journeyman TeDe)
 11162 | Lair:1   | Found a transporter.
 11166 | Lair:1   | Found a transporter.
 11244 | Lair:1   | Reached ** piety under Vehumet
 11402 | Lair:1   | Offered knowledge of Static Discharge by Vehumet.
 12098 | Lair:2   | Reached skill level 13 in Fighting
 12162 | Lair:2   | Identified the +1 robe of the Freezing Gods {rC++ Will+
                  | Str-4}
 12183 | Lair:2   | You fall into a shaft and drop 1 floor!
 12342 | Lair:2   | Noticed Urug
 12350 | Lair:3   | Noticed a catoblepas
 12577 | Lair:2   | Reached XP level 12. HP: 83/112 MP: 7/22
 12597 | Lair:2   | Offered knowledge of Inner Flame by Vehumet.
 12598 | Lair:2   | Noticed a six-headed hydra
 12609 | Lair:2   | Killed a six-headed hydra
 12715 | Lair:2   | Reached skill level 14 in Fighting
 12865 | Lair:2   | Reached *** piety under Vehumet
 13155 | Lair:2   | Noticed a seven-headed hydra
 13161 | Lair:2   | Killed a seven-headed hydra
 13162 | Lair:2   | Reached skill level 5 in Dodging
 13440 | Lair:2   | Killed Urug
 13558 | Lair:2   | Noticed a four-headed hydra
 13565 | Lair:2   | Killed a four-headed hydra
 13757 | Lair:2   | Found a staircase to the Swamp.
 14067 | Lair:2   | Found the +8 whip "Snakebite" {venom, curare, rPois}
 14189 | Lair:2   | Noticed Fannar
 14215 | Lair:2   | Killed Fannar
 14216 | Lair:2   | Reached skill level 15 in Fighting
 14619 | Lair:3   | Offered knowledge of Volatile Blastmotes by Vehumet.
 14678 | Lair:3   | Killed a catoblepas
 14782 | Lair:3   | Found a runed translucent door.
 14821 | Lair:3   | Found a hole to the Spider Nest.
 14920 | Lair:3   | Gained mutation: Spells you cast may paralyse nearby
                  | enemies. [demonic ancestry]
 14920 | Lair:3   | Reached XP level 13. HP: 116/125 MP: 11/23
 14936 | Lair:3   | Reached **** piety under Vehumet
 15205 | Lair:3   | Reached skill level 16 in Fighting
 15375 | Lair:3   | Noticed wamuu's ghost (journeyman MfVM)
 15393 | Lair:3   | Killed wamuu's ghost
 15663 | Lair:4   | Offered knowledge of Frozen Ramparts by Vehumet.
 15799 | Lair:4   | Found a viscous altar of Jiyva.
 15799 | Lair:4   | Found a staircase to the Slime Pits.
 16717 | Lair:5   | Entered Level 5 of the Lair of Beasts
 16792 | Lair:5   | Reached skill level 17 in Fighting
 17042 | Lair:5   | Learned a level 7 spell: Spellforged Servitor
 17149 | Lair:5   | Reached skill level 1 in Summonings
 17217 | Lair:5   | Reached ***** piety under Vehumet
 17227 | Lair:5   | Offered knowledge of Olgreb's Toxic Radiance by Vehumet.
 17361 | Lair:5   | Reached skill level 5 in Summonings
 18203 | Lair:5   | Reached XP level 14. HP: 126/136 MP: 4/24
 18205 | Lair:5   | Paralysed by a hornet for 1 turns
 19285 | D:11     | Reached skill level 1 in Shields
 19339 | D:11     | Found a staircase to the Orcish Mines.
 19343 | D:11     | Offered knowledge of Plasma Beam by Vehumet.
 19518 | D:11     | You fall into a shaft and drop 3 floors!
 19673 | D:14     | Found a portal to a secret trove of treasure.
 19709 | D:14     | Found a frozen archway.
 19709 | D:14     | Noticed an azure jelly
 19771 | D:14     | Slain by an azure jelly

Illustrated notes

Levels and vault maps discovered:
D:1:      psy_arrival_basics, layout_basic, dreamdust_princess_corridor,
          hangedman_glass_teeth, chequers_mini_garden
D:2:      layout_loops_ring, basic_altar, nicolae_houndstooth_variations,
          uniq_terence
D:3:      layout_loops_ring, dreamdust_wishing_well
D:4:      layout_loops_cross, minmay_temple_entry_statues, minmay_bent
D:5:      minmay_diamond_boxcup, layout_gridville, kennysheep_generic_room_9,
          uniq_menkaure
D:6:      layout_loops_ring, nicolae_uskayaw_suspiria, kennysheep_generic_room_3
D:7:      layout_basic, ebering_ghost_reflecting_pool, enter_ossuary_1,
          enter_bailey_6, st_stairs_13, nicolae_shop_gadgets
D:8:      layout_basic, lair_entry_dummy, gammafunk_ghost_hydra_chop, uniq_grum,
          uniq_maurice
D:9:      layout_roguey, nicolae_overflow_crystal_walls, serial_glass,
          glass_columns_b, glass_columns_b, glass_columns_c, glass_columns_a,
          glass_columns_b, glass_columns_b
D:10:     gammafunk_jiyva_shrine, layout_basic,
          nzn_overflow_gifts_of_might_and_magic, nicolae_vehumet_radiance
D:11:     layout_cave_pools, kennysheep_orc_monster_closet_entryway
D:13:     layout_basic, hangedman_vaults_entry_quadrant_bands,
          gauntlet_entry_generic
D:14:     layout_roguey, nicolae_trove_entry_crossroad, kennysheep_flooded_box,
          portal_ice_cave_entry_frozen_things, nzn_hepliaklqana_mist_gate
Temple:   minmay_crystal_spiral_temple
Lair:1:   layout_cave_pods, gammafunk_ghost_arena, minmay_stone_trees_small,
          lemuel_fruit_tree
Lair:2:   minmay_guarded_unrand_snakebite, layout_layer_cave,
          palyth_hydra_swamp_entry, small_statue_intersection, uniq_urug,
          uniq_fannar
Lair:3:   layout_loops_ring, hellmonk_spider_entry_life_and_decay,
          ebering_ghost_reflecting_pool, grunt_megastairs_4,
          serial_bayou_shore_b
Lair:4:   layout_cave_pods, slime_entry_1, minivault_26
Lair:5:   minmay_lair_end_enchanted_forest, layout_hall_layers,
          nicolae_quartered_pool_impasse

Skill      XL: |  1  2  3  4  5  6  7  8  9 10 11 12 13 14 |
---------------+-------------------------------------------+-----
Fighting       | 1 2 3 4 5 6 8 10 13 15 17 | 17.5
Spellcasting   | 3 4 5 6 7 |  7.4
Conjurations   | 5 6 7 9 10 11 13 14 | 14.0
Armour         | 3 5 7 |  7.0
Hexes          | 3 4 |  4.0
Dodging        | 3 6 8 |  8.2
Summonings     | 7 8 |  8.0
Shields        | 2 |  2.1
Stealth        | |  1.7

Action                     |  1- 3 |  4- 6 |  7- 9 | 10-12 | 13-15 || total
---------------------------+-------+-------+-------+-------+-------++-------
  Melee: Dagger            |    34 |     7 |       |       |       ||    41
         Unarmed           |     2 |       |       |       |       ||     2
         Punch             |     1 |       |     1 |     1 |     3 ||     6
         Headbutt          |       |     1 |     5 |    33 |    43 ||    82
         Flail             |       |       |    24 |    91 |       ||   115
         Whip              |       |       |       |    64 |   174 ||   238
   Cast: Magic Dart        |    68 |   144 |   187 |   246 |   110 ||   755
         Searing Ray       |     2 |     4 |    39 |   130 |    52 ||   227
         Fulminant Prism   |       |       |     4 |    24 |    14 ||    42
         Orb of Destructio |       |       |       |     2 |    35 ||    37
         Spellforged Servi |       |       |       |       |    14 ||    14
  Evoke: Wand              |       |       |     4 |     4 |     2 ||    10
    Use: Scroll            |     1 |       |     4 |    16 |     3 ||    24
         Potion            |     1 |       |     4 |     1 |     4 ||    10
   Stab: Paralysed         |       |       |     2 |     9 |    12 ||    23
 Armour: Robe              |    27 |    29 |   102 |   170 |   300 ||   628
         Ring mail         |       |       |       |   232 |       ||   232
  Dodge: Dodged            |    32 |    16 |   104 |   306 |   371 ||   829

Table legend: (Time is in decaauts)
 A = Elapsed time spent in this place.
 B = Non-inter-level travel time spent in this place.
 C = Inter-level travel time spent in this place.
 D = Time resting spent in this place.
 E = Time spent auto-exploring this place.
 F = Levels seen in this place.
 G = Mean time per level.
                   A        B        C        D        E       F      G
               +--------+--------+--------+--------+--------+-----+--------+
         Total |  19872 |  18794 |   1078 |    150 |  14665 |  20 |  993.6 |
       Dungeon |  11129 |  10470 |    659 |      5 |   8608 |  13 |  856.1 |
        Temple |      1 |      1 |      0 |      0 |      0 |   1 |    1.0 |
          Lair |   7986 |   7568 |    418 |    145 |   5564 |   5 | 1597.2 |
        Bailey |    754 |    754 |      0 |      0 |    492 |   1 |  754.0 |
               +--------+--------+--------+--------+--------+-----+--------+

Top non-repeatable levels by time:
  Lair:2: 2063 daAuts
  Lair:5: 1787 daAuts
  Lair:4: 1423 daAuts
  Lair:3: 1388 daAuts
  Lair:1: 1323 daAuts
     D:5: 1302 daAuts
    D:10: 1152 daAuts
     D:9: 1133 daAuts
     D:7: 1028 daAuts
     D:2: 1013 daAuts
     D:8: 977 daAuts
     D:6: 916 daAuts
     D:1: 912 daAuts
     D:4: 896 daAuts
     D:3: 877 daAuts
